| TOP OF THE 1ST |
|
Memphis Redbirds batting - Pitching for Iowa Cubs : LHP Kyle Foster
|
|
Pitching: LHP Kyle Foster
|
|
|
Batting: SHB Luke Robbins
|
0-0: Ball 1-0: Ball 2-0: Ball 3-0: Called Strike 3-1: Foul Ball, location: 2F 3-2: Foul Ball, location: 2F 3-2: Foul Ball, location: 2F 3-2: Base on Balls
|
|
Batting: LHB Tom Butterbaugh
|
0-0: Called Strike Luke Robbins steals 2nd base (no throw) 0-1: Fly out, F7 (Flyball, 78XD, EV 83.1 MPH) Runner from 2nd tags up, SAFE at 3rd, no throw by LF
|
|
Batting: RHB Nick Gentzel
|
0-0: Ball 1-0: Ball 2-0: Ball 3-0: Called Strike 3-1: Foul Ball, location: 2F 3-2: Base on Balls
|
|
Batting: RHB Eric Chotkowski
|
0-0: Called Strike 0-1: Fly out, F7 (Flyball, 7S, EV 86.2 MPH)
|
|
Batting: RHB Nick Getz
|
0-0: Ball 1-0: Called Strike 1-1: Ball 2-1: Foul Ball, location: 2F 2-2: Ball 3-2: Foul Ball, location: 2F 3-2: Strikes out swinging
|
| Top of the 1st over - 0 runs, 0 hits, 0 errors, 2 left on base; Memphis 0 - Iowa 0 |
| BOTTOM OF THE 1ST |
|
Iowa Cubs batting - Pitching for Memphis Redbirds : LHP Antonio Lacayo
|
|
Pitching: LHP Antonio Lacayo
|
|
|
Batting: SHB Tim Hone
|
0-0: Ground out U3 (Groundball, 13, EV 84.4 MPH)
|
|
Batting: RHB Butch Koglin
|
0-0: Called Strike 0-1: Ball 1-1: Swinging Strike 1-2: Fly out, F9 (Flyball, BS8, EV 93.1 MPH)
|
|
Batting: LHB Barend van der Kamp
|
0-0: Fly out, F4 (Popup, 3D, EV 66.2 MPH)
|
| Bottom of the 1st over - 0 runs, 0 hits, 0 errors, 0 left on base; Memphis 0 - Iowa 0 |
| TOP OF THE 2ND |
|
Memphis Redbirds batting - Pitching for Iowa Cubs : LHP Kyle Foster
|
|
Batting: LHB Jesus Ramirez
|
0-0: Ball 1-0: SINGLE (Groundball, 5D, EV 107.5 MPH)
|
|
Batting: RHB Colin Boddy
|
0-0: Fly out, F9 (Flyball, 9D, EV 93.8 MPH)
|
|
Batting: RHB Tony Mendez
|
0-0: Fly out, F5 (Line Drive, 5, EV 75.0 MPH)
|
|
Batting: RHB Armando Estrada
|
0-0: Called Strike 0-1: Foul Ball, location: 2F 0-2: Fly out, F9 (Flyball, 9LM, EV 94.4 MPH)
|
| Top of the 2nd over - 0 runs, 1 hit, 0 errors, 1 left on base; Memphis 0 - Iowa 0 |
| BOTTOM OF THE 2ND |
|
Iowa Cubs batting - Pitching for Memphis Redbirds : LHP Antonio Lacayo
|
|
Batting: LHB Paul Perry
|
0-0: Ground out 4-3 (Groundball, 4, EV 78.1 MPH)
|
|
Batting: RHB Pat Barton
|
0-0: Called Strike 0-1: Ball 1-1: Fly out, F8 (Flyball, 8LD, EV 103.8 MPH)
|
|
Batting: LHB Chris Morgan
|
0-0: Called Strike 0-1: Foul Ball, location: 2F 0-2: Strikes out swinging
|
| Bottom of the 2nd over - 0 runs, 0 hits, 0 errors, 0 left on base; Memphis 0 - Iowa 0 |
| TOP OF THE 3RD |
|
Memphis Redbirds batting - Pitching for Iowa Cubs : LHP Kyle Foster
|
|
Batting: SHB Luke Robbins
|
0-0: Ball 1-0: Ball 2-0: Fly out, F7 (Flyball, 7LM, EV 99.4 MPH)
|
|
Batting: LHB Tom Butterbaugh
|
0-0: Swinging Strike 0-1: Foul Ball, location: 2F 0-2: Strikes out swinging
|
|
Batting: RHB Nick Gentzel
|
0-0: Foul Ball, location: 2F 0-1: Ball 1-1: Swinging Strike 1-2: Foul Ball, location: 2F 1-2: Foul Ball, location: 2F 1-2: Ball 2-2: Foul Ball, location: 2F 2-2: Foul Ball, location: 2F 2-2: Ball 3-2: Base on Balls
|
|
Batting: RHB Eric Chotkowski
|
0-0: Ball Nick Gentzel steals 2nd base 1-0: Ball 2-0: Ball 3-0: SINGLE (Groundball, 4MD, EV 97.5 MPH) Nick Gentzel to third Runner from 3rd tries for Home, SAFE, throw by CF to home
|
|
Batting: RHB Nick Getz
|
0-0: Foul Ball, location: 2F 0-1: 2-RUN HOME RUN (Flyball, 78XD, EV 112.5 MPH), Distance : 420 ft
|
|
Batting: LHB Jesus Ramirez
|
0-0: Ball 1-0: Ball 2-0: Foul Ball, location: 2F 2-1: SOLO HOME RUN (Flyball, 8LXD, EV 106.9 MPH), Distance : 417 ft
|
|
Batting: RHB Colin Boddy
|
0-0: Called Strike 0-1: Ball 1-1: Called Strike 1-2: Foul Ball, location: 2F 1-2: Ball 2-2: Ground out U3 (Groundball, 34, EV 105.0 MPH)
|
| Top of the 3rd over - 4 runs, 3 hits, 0 errors, 0 left on base; Memphis 4 - Iowa 0 |
| BOTTOM OF THE 3RD |
|
Iowa Cubs batting - Pitching for Memphis Redbirds : LHP Antonio Lacayo
|
|
Batting: RHB Shintaro Katsumata
|
0-0: Called Strike 0-1: Ball 1-1: Called Strike 1-2: Ball 2-2: SINGLE (Groundball, 56D, EV 96.2 MPH)
|
|
Batting: LHB Bobby Adams
|
0-0: Ball 1-0: Called Strike 1-1: Called Strike Shintaro Katsumata steals 2nd base 1-2: Ball 2-2: Ball 3-2: Ground out 6-3 (Groundball, 6, EV 106.2 MPH)
|
|
Batting: SHB R.J. Vargas
|
0-0: Called Strike 0-1: Ball 1-1: Ball 2-1: Called Strike 2-2: Foul Ball, location: 2F 2-2: Ball 3-2: Base on Balls
|
|
Batting: SHB Tim Hone
|
0-0: Ball 1-0: Called Strike 1-1: Ball 2-1: Ball 3-1: Fielders Choice at 2nd, 3-6 (Groundball, 34, EV 84.4 MPH) Shintaro Katsumata to third
|
|
Batting: RHB Butch Koglin
|
0-0: Ball 1-0: Swinging Strike 1-1: Ball Tim Hone steals 2nd base 2-1: Ball 3-1: Foul Ball, location: 2F 3-2: Ground out 6-3 (Groundball, 6M, EV 81.2 MPH)
|
| Bottom of the 3rd over - 0 runs, 1 hit, 0 errors, 2 left on base; Memphis 4 - Iowa 0 |
| TOP OF THE 4TH |
|
Memphis Redbirds batting - Pitching for Iowa Cubs : LHP Kyle Foster
|
|
Batting: RHB Tony Mendez
|
0-0: Ball 1-0: Called Strike 1-1: Foul Ball, location: 2F 1-2: Foul Ball, location: 2F 1-2: Ball 2-2: Ball 3-2: TRIPLE (Flyball, 89XD, EV 101.9 MPH)
|
|
Batting: RHB Armando Estrada
|
0-0: Foul Ball, location: 2F 0-1: Ball 1-1: SINGLE (Groundball, 56D, EV 100.0 MPH) Tony Mendez scores
|
|
Pitching: RHP Andy Temples
|
|
|
Batting: SHB Luke Robbins
|
0-0: Called Strike 0-1: Foul Ball, location: 2LF, Error on foul ball, E2 0-2: Ball 1-2: Ball 2-2: Ball 3-2: Base on Balls Armando Estrada to second
|
|
Batting: LHB Tom Butterbaugh
|
0-0: Fielders Choice at 2nd, 3-6 (Groundball, 3, EV 83.1 MPH) Armando Estrada to third
|
|
Batting: RHB Nick Gentzel
|
0-0: Called Strike 0-1: DOUBLE (Line Drive, 78XD, EV 110.6 MPH) Armando Estrada scores Tom Butterbaugh to third
|
|
Pinch Runner at 2nd Melvin Salgado:
|
|
|
Batting: RHB Eric Chotkowski
|
0-0: Called Strike 0-1: Called Strike 0-2: Ball 1-2: Foul Ball, location: 2F 1-2: Ball 2-2: Foul Ball, location: 2F 2-2: Foul Ball, location: 2F 2-2: Ball 3-2: Foul Ball, location: 2F 3-2: Base on Balls
|
|
Batting: RHB Nick Getz
|
0-0: Ball 1-0: Ball 2-0: Called Strike 2-1: Ball 3-1: Foul Ball, location: 2F 3-2: SINGLE (Groundball, 4MS, EV 65.0 MPH) (infield hit) Tom Butterbaugh scores Melvin Salgado to third Eric Chotkowski to second
|
|
Batting: LHB Jesus Ramirez
|
0-0: Ball 1-0: Ball 2-0: Called Strike 2-1: Ground out 6-3 (Groundball, 4MD, EV 85.0 MPH) Melvin Salgado scores Eric Chotkowski to third Nick Getz to second
|
|
Batting: RHB Colin Boddy
|
0-0: Ball 1-0: Ball 2-0: Swinging Strike 2-1: 3-RUN HOME RUN (Line Drive, 7LD, EV 96.2 MPH), Distance : 365 ft
|
|
Pitching: RHP Pat Stone
|
|
|
Batting: RHB Tony Mendez
|
0-0: Fly out, F8 (Flyball, 8RS, EV 85.0 MPH)
|
| Top of the 4th over - 7 runs, 5 hits, 1 error, 0 left on base; Memphis 11 - Iowa 0 |
| BOTTOM OF THE 4TH |
|
Iowa Cubs batting - Pitching for Memphis Redbirds : LHP Antonio Lacayo
|
|
Now in CF: Melvin Salgado
|
|
|
Batting: LHB Barend van der Kamp
|
0-0: Ball 1-0: Ball 2-0: Fly out, F6 (Flyball, 56D, EV 93.1 MPH)
|
|
Batting: LHB Paul Perry
|
0-0: Ball 1-0: Ball 2-0: Called Strike 2-1: Reached on error, E7 (Flyball, 7LD, EV 103.8 MPH)
|
|
Batting: RHB Pat Barton
|
0-0: Foul Ball, location: 2F 0-1: Fly out, F9 (Line Drive, 9, EV 86.9 MPH)
|
|
Batting: LHB Chris Morgan
|
0-0: Foul Ball, location: 2F 0-1: Ball 1-1: Foul Ball, location: 2F 1-2: Ball 2-2: Ball 3-2: Foul Ball, location: 2F 3-2: Base on Balls
|
|
Batting: RHB Shintaro Katsumata
|
0-0: DOUBLE (Groundball, 5L, EV 100.6 MPH) Paul Perry scores Chris Morgan to third
|
|
Batting: LHB Bobby Adams
|
0-0: SINGLE (Groundball, 34D, EV 104.4 MPH) Chris Morgan scores Shintaro Katsumata to third Runner from 3rd tries for Home, SAFE, throw by RF to home
|
|
Batting: SHB R.J. Vargas
|
0-0: Ball 1-0: Called Strike 1-1: Swinging Strike 1-2: Ball 2-2: Strikes out swinging
|
| Bottom of the 4th over - 3 runs, 2 hits, 1 error, 1 left on base; Memphis 11 - Iowa 3 |
| TOP OF THE 5TH |
|
Memphis Redbirds batting - Pitching for Iowa Cubs : RHP Pat Stone
|
|
Batting: RHB Armando Estrada
|
0-0: Ball 1-0: Ground out 6-3 (Groundball, 6, EV 100.0 MPH)
|
|
Batting: SHB Luke Robbins
|
0-0: Ball 1-0: Foul Ball, location: 2F 1-1: Ball 2-1: Foul Ball, location: 2F 2-2: Ball 3-2: Foul Ball, location: 2F 3-2: Strikes out looking
|
|
Batting: LHB Tom Butterbaugh
|
0-0: Called Strike 0-1: Foul Ball, location: 2F 0-2: Ball 1-2: Foul Ball, location: 2F 1-2: Ball 2-2: Strikes out looking
|
| Top of the 5th over - 0 runs, 0 hits, 0 errors, 0 left on base; Memphis 11 - Iowa 3 |
| BOTTOM OF THE 5TH |
|
Iowa Cubs batting - Pitching for Memphis Redbirds : LHP Antonio Lacayo
|
|
Batting: SHB Tim Hone
|
0-0: Ground out 5-3 (Groundball, 56, EV 83.1 MPH)
|
|
Batting: RHB Butch Koglin
|
0-0: Ball 1-0: Called Strike 1-1: DOUBLE (Line Drive, 7LD, EV 110.6 MPH)
|
|
Batting: LHB Barend van der Kamp
|
0-0: Foul Ball, location: 2F 0-1: Ball 1-1: Swinging Strike 1-2: Foul Ball, location: 2F 1-2: Foul Ball, location: 2F 1-2: Ball 2-2: Ball 3-2: Base on Balls
|
|
Batting: LHB Paul Perry
|
0-0: Called Strike 0-1: Foul Ball, location: 2F 0-2: Ball 1-2: Ball 2-2: TRIPLE (Groundball, 3D, EV 97.5 MPH) Butch Koglin scores Barend van der Kamp scores
|
|
Pitching: RHP Ryan Manley
|
|
|
Batting: RHB Pat Barton
|
0-0: Ball 1-0: Called Strike 1-1: Ground out U3 (Groundball, 34S, EV 85.6 MPH) Paul Perry scores
|
|
Batting: LHB Chris Morgan
|
0-0: Called Strike 0-1: Swinging Strike 0-2: Strikes out swinging
|
| Bottom of the 5th over - 3 runs, 2 hits, 0 errors, 0 left on base; Memphis 11 - Iowa 6 |
| TOP OF THE 6TH |
|
Memphis Redbirds batting - Pitching for Iowa Cubs : RHP Pat Stone
|
|
Batting: LHB Melvin Salgado
|
0-0: Foul Ball, location: 2F 0-1: Foul Ball, location: 2F 0-2: Ball 1-2: SOLO HOME RUN (Flyball, 89XD, EV 106.9 MPH), Distance : 405 ft
|
|
Batting: RHB Eric Chotkowski
|
0-0: Ball 1-0: Ground out 1-4-3 (Groundball, 15S, EV 101.9 MPH)
|
|
Batting: RHB Nick Getz
|
0-0: Ball 1-0: Ball 2-0: Ball 3-0: Called Strike 3-1: Base on Balls
|
|
Batting: LHB Jesus Ramirez
|
0-0: Ball Nick Getz steals 2nd, throwing error, E2 Nick Getz to third 1-0: Swinging Strike 1-1: Foul Ball, location: 2F 1-2: Strikes out swinging
|
|
Batting: RHB Colin Boddy
|
0-0: Called Strike 0-1: Foul Ball, location: 2F 0-2: Strikes out looking
|
| Top of the 6th over - 1 run, 1 hit, 1 error, 1 left on base; Memphis 12 - Iowa 6 |
| BOTTOM OF THE 6TH |
|
Iowa Cubs batting - Pitching for Memphis Redbirds : RHP Ryan Manley
|
|
Batting: RHB Shintaro Katsumata
|
0-0: Foul Ball, location: 2F 0-1: Fly out, F8 (Flyball, 8RD, EV 88.1 MPH)
|
|
Batting: LHB Bobby Adams
|
0-0: Swinging Strike 0-1: Fly out, F7 (Flyball, 7S, EV 85.0 MPH)
|
|
Batting: SHB R.J. Vargas
|
0-0: Ball 1-0: DOUBLE (Groundball, 3L, EV 108.1 MPH)
|
|
Batting: SHB Tim Hone
|
0-0: Ball 1-0: SINGLE (Line Drive, 34D, EV 96.2 MPH) R.J. Vargas to third Runner from 3rd tries for Home, SAFE, throw by RF to home
|
|
Batting: RHB Butch Koglin
|
0-0: Foul Ball, location: 2F 0-1: Foul Ball, location: 2F 0-2: DOUBLE (Flyball, 8LXD, EV 95.6 MPH) Tim Hone to third Tim Hone scores
|
|
Batting: LHB Barend van der Kamp
|
0-0: Ball 1-0: Swinging Strike 1-1: Swinging Strike 1-2: Fly out, F9 (Line Drive, 9, EV 93.1 MPH)
|
| Bottom of the 6th over - 2 runs, 3 hits, 0 errors, 1 left on base; Memphis 12 - Iowa 8 |
| TOP OF THE 7TH |
|
Memphis Redbirds batting - Pitching for Iowa Cubs : RHP Pat Stone
|
|
Pitching: LHP Brock Lewis
|
|
|
Batting: RHB Tony Mendez
|
0-0: Ball 1-0: Foul Ball, location: 2F 1-1: Foul Ball, location: 2F 1-2: Ball 2-2: Fly out, F9 (Flyball, 9LS, EV 86.9 MPH)
|
|
Batting: RHB Armando Estrada
|
0-0: Ball 1-0: Fly out, F9 (Flyball, 89S, EV 77.5 MPH)
|
|
Batting: SHB Luke Robbins
|
0-0: Called Strike 0-1: Called Strike 0-2: Foul Ball, location: 2F 0-2: Ball 1-2: Strikes out swinging
|
| Top of the 7th over - 0 runs, 0 hits, 0 errors, 0 left on base; Memphis 12 - Iowa 8 |
| BOTTOM OF THE 7TH |
|
Iowa Cubs batting - Pitching for Memphis Redbirds : RHP Ryan Manley
|
|
Pitching: RHP Alex Schmitz
|
|
|
Batting: LHB Paul Perry
|
0-0: Ball 1-0: Fly out, F7 (Line Drive, 7D, EV 93.1 MPH)
|
|
Batting: RHB Pat Barton
|
0-0: Ball 1-0: Ball 2-0: Ground out 5-3 (Groundball, 56S, EV 67.5 MPH)
|
|
Batting: LHB Chris Morgan
|
0-0: Called Strike 0-1: Swinging Strike 0-2: Ball 1-2: Hit by Pitch
|
|
Batting: RHB Shintaro Katsumata
|
0-0: Ground out 5-3 (Groundball, 56S, EV 83.8 MPH)
|
| Bottom of the 7th over - 0 runs, 0 hits, 0 errors, 1 left on base; Memphis 12 - Iowa 8 |
| TOP OF THE 8TH |
|
Memphis Redbirds batting - Pitching for Iowa Cubs : LHP Brock Lewis
|
|
Pitching: RHP Chris Allen
|
|
|
Batting: LHB Tom Butterbaugh
|
0-0: Called Strike 0-1: Foul Ball, location: 2F 0-2: Ball 1-2: Foul Ball, location: 2F 1-2: Strikes out swinging
|
|
Batting: LHB Melvin Salgado
|
0-0: Ball 1-0: SINGLE (Line Drive, 89M, EV 103.1 MPH)
|
|
Batting: RHB Eric Chotkowski
|
0-0: Ball 1-0: Ball 2-0: Called Strike 2-1: Fly out, F7 (Flyball, 7, EV 88.8 MPH)
|
|
Batting: RHB Nick Getz
|
0-0: Called Strike Melvin Salgado steals 2nd base 0-1: Swinging Strike 0-2: Ball 1-2: Hit by Pitch
|
|
Batting: LHB Jesus Ramirez
|
0-0: Ball 1-0: Ball 2-0: Ball 3-0: Called Strike 3-1: Swinging Strike 3-2: Foul Ball, location: 2F 3-2: Strikes out swinging
|
| Top of the 8th over - 0 runs, 1 hit, 0 errors, 2 left on base; Memphis 12 - Iowa 8 |
| BOTTOM OF THE 8TH |
|
Iowa Cubs batting - Pitching for Memphis Redbirds : RHP Alex Schmitz
|
|
Pitching: LHP Michael Colin
|
|
|
Batting: LHB Bobby Adams
|
0-0: Ball 1-0: Swinging Strike 1-1: Ball 2-1: Ground out 6-3 (Groundball, 6MD, EV 100.6 MPH)
|
|
Batting: SHB R.J. Vargas
|
0-0: Ball 1-0: Ball 2-0: Ball 3-0: Base on Balls
|
|
Batting: SHB Tim Hone
|
0-0: Called Strike 0-1: Ball Pickoff Throw by Catcher to First - Out! 1-1: Ball 2-1: Ground out 6-3 (Groundball, 6, EV 102.5 MPH)
|
| Bottom of the 8th over - 0 runs, 0 hits, 0 errors, 0 left on base; Memphis 12 - Iowa 8 |
| TOP OF THE 9TH |
|
Memphis Redbirds batting - Pitching for Iowa Cubs : RHP Chris Allen
|
|
Pitching: RHP Joe Pate
|
|
|
Batting: RHB Colin Boddy
|
0-0: Called Strike 0-1: Foul Ball, location: 2F 0-2: Ball 1-2: Strikes out swinging
|
|
Batting: RHB Tony Mendez
|
0-0: Hit by Pitch
|
|
Batting: RHB Armando Estrada
|
0-0: Fielders Choice at 2nd, 5-4 (Groundball, 5, EV 83.1 MPH)
|
|
Batting: SHB Luke Robbins
|
0-0: Ball 1-0: Ball 2-0: Swinging Strike 2-1: DOUBLE (Groundball, 3L, EV 108.8 MPH) Armando Estrada to third
|
|
Batting: LHB Tom Butterbaugh
|
0-0: Ball 1-0: Called Strike 1-1: Called Strike 1-2: Foul Ball, location: 2F 1-2: SINGLE (Flyball, 89S, EV 86.2 MPH) Armando Estrada scores Luke Robbins to third Runner from 3rd tries for Home, throw by RF and OUT! 9-2
|
| Top of the 9th over - 1 run, 2 hits, 0 errors, 1 left on base; Memphis 13 - Iowa 8 |
| BOTTOM OF THE 9TH |
|
Iowa Cubs batting - Pitching for Memphis Redbirds : LHP Michael Colin
|
|
Batting: RHB Butch Koglin
|
0-0: Ball 1-0: Foul Ball, location: 2F 1-1: Swinging Strike 1-2: DOUBLE (Line Drive, 9LM, EV 108.1 MPH)
|
|
Batting: LHB Barend van der Kamp
|
0-0: Ball 1-0: Called Strike 1-1: Foul Ball, location: 2F 1-2: Strikes out swinging
|
|
Batting: LHB Paul Perry
|
0-0: Foul Ball, location: 2F 0-1: Ground out 1-3 (Groundball, 34S, EV 66.2 MPH) Butch Koglin to third
|
|
Batting: RHB Pat Barton
|
0-0: Called Strike 0-1: Foul Ball, location: 2F 0-2: Foul Ball, location: 2F 0-2: Ball 1-2: Ball 2-2: Foul Ball, location: 2F 2-2: Ground out 5-3 (Groundball, 5S, EV 68.1 MPH)
|
| Bottom of the 9th over - 0 runs, 1 hit, 0 errors, 1 left on base; Memphis 13 - Iowa 8 |
|